 Dungeon Crawl Stone Soup version 0.7.1-24-ga64cc90 character file.

319 soul the Chiller (level 4, -3/30 HPs)
             Began as a Demigod Ice Elementalist on Nov 14, 2010.
             Slain by an ogre
             ... wielding a +0,+0 giant spiked club
              (33 damage)
             ... on Level 4 of the Dungeon.
             The game lasted 00:08:54 (3930 turns).

soul the Chiller (Demigod Ice Elementalist)         Turns: 3930, Time: 00:08:54

HP  -3/30        AC  1     Str 12 Exp: 4/158 (0), need: 65
MP   6/11        EV 13     Int 20      God:
Gold 209         SH  0     Dex 17      Spells:  2 memorised,  4 levels left

Res.Fire  : . . .   See Invis. : .   (no weapon)
Res.Cold  : . . .   Warding    : .   a - +0 robe
Life Prot.: + . .   Conserve   : .   (no shield)
Res.Poison: .       Res.Corr.  : .   t - +0 cap (curse)
Res.Elec. : .       Clarity    : .   v - +0 cloak Spirit.Shd: . Stasis : .
                                     (no gloves)
Sust.Abil.: . .     Rnd.Telep. : .   (no boots)
Res.Mut.  : .       Ctrl.Telep.: .   (no amulet)
Res.Rott. : .       Levitation : .   q - ring of life protection {unknown}
Saprovore : . . .   Ctrl.Flight: .   n - cursed -2 ring of protection

@: non-regenerating, badly diseased, slightly resistant to hostile enchantments,
fairly stealthy
A: no striking features
a: no special abilities


You were on level 4 of the Dungeon.
You were hungry.

You visited 1 branch of the dungeon, and saw 4 of its levels.

You collected 189 gold pieces.

Inventory:

Hand weapons
 g - a +0,+1 orcish short sword
Armour
 a - a +0 robe (worn)
 t - a cursed +0 cap (worn)
 v - a +0 cloak (worn)
Comestibles
 c - a bread ration
 f - an apple
 k - a choko
 l - a meat ration
 w - a lychee
 B - a rotting chunk of rat flesh
Scrolls
 d - 2 scrolls of magic mapping {unknown}
 e - 2 scrolls of teleportation {unknown}
 j - a scroll of recharging {unknown}
 m - 2 scrolls of enchant armour {unknown}
 o - 2 scrolls of remove curse {unknown}
 p - a scroll of enchant weapon I {unknown}
 r - a scroll of curse armour {unknown}
 s - 2 scrolls of random uselessness {unknown}
 u - a scroll of fog {unknown}
 x - 2 scrolls of identify {unknown}
Jewellery
 n - a cursed -2 ring of protection (left hand)
 q - a ring of life protection (right hand) {unknown}
Potions
 h - a potion of magic {unknown}
 i - a potion of restore abilities {unknown}
 z - a potion of invisibility {unknown}
 A - a potion of paralysis {unknown}
 C - a potion of slowing {unknown}
Books
 b - a book of Frost

   Spells                             Type                      Level
   *Freeze                            Ice                          1
   *Throw Frost                       Conjuration/Ice              2
   Ozocubu's Armour                   Enchantment/Ice              3
   Throw Icicle                       Conjuration/Ice              4
   Summon Ice Beast                   Ice/Summoning                5
   Freezing Cloud                     Conjuration/Ice/Air          6
   You had 0 experience left.


   Skills:
 + Level 2 Dodging
 - Level 1 Stealth
 + Level 2 Spellcasting
 + Level 5 Ice Magic


You had 4 spell levels left.
You knew the following spells:

 Your Spells              Type           Power        Success   Level
a - Freeze                Ice            ####.        Excellent   1
b - Throw Frost           Ice/Conj       ###....      Great       2

Dungeon Overview and Level Annotations

Branches:
Dungeon (4/27)
 Temple: D:4-7


Message History

Cast which spell? (? or * to list) Which direction?
You freeze the ogre.
The ogre is almost dead.
The ogre hits you with a giant spiked club!
Ouch! That really hurt!
You die...

####
#....
...#g####
.......#
.....#
#.#...#
#.bO@#
###.##
... ###.
#. #. #.
#. .


You could see an ogre, a goblin and a giant bat.

Vanquished Creatures
  2 snakes
  2 worms
  Terence (D:2)
  2 oozes
  2 giant geckos
  8 giant bats
  9 giant cockroaches
  5 goblins
  8 hobgoblins
  A jackal (D:1)
  11 kobolds
  5 orcs (D:3)
  A quokka (D:2)
  A small snake (D:2)
  A giant newt (D:1)
  7 rats
66 creatures vanquished.

Vanquished Creatures (others)
  2 rats (D:2)
  4 toadstools
6 creatures vanquished.

Grand Total: 72 creatures vanquished

Notes
Turn   | Place    | Note
--------------------------------------------------------------
     0 | D:1      | soul, the Demigod Ice Elementalist, began the quest for the Orb.
     0 | D:1      | Reached XP level 1. HP: 12/12 MP: 4/4
    46 | D:1      | Reached skill 3 in Ice Magic
   742 | D:1      | Reached XP level 2. HP: 16/18 MP: 3/6
  1524 | D:2      | Reached skill 4 in Ice Magic
  1836 | D:2      | Reached XP level 3. HP: 22/24 MP: 7/7
  1927 | D:2      | Noticed Terence
  2329 | D:2      | Learned a level 2 spell: Throw Frost
  2707 | D:2      | Reached skill 5 in Ice Magic
  2881 | D:3      | Reached XP level 4. HP: 18/30 MP: 5/11
  3861 | D:2      | Defeated Terence
  3930 | D:4      | Slain by an ogre
